 Dungeon Crawl Stone Soup version 0.26-a0-810-ge1a9524b62 (webtiles) character file.

Game seed: 106454024696556706

368 mattiecakes the Shield-Bearer (level 6, 0/58 HPs)
             Began as a Gargoyle Fighter on Nov 13, 2020.
             Slain by Grinder (1 damage)
             ... in a sewer.
             The game lasted 00:07:11 (3566 turns).

mattiecakes the Shield-Bearer (Gargoyle Fighter)    Turns: 3566, Time: 00:07:11

Health: 0/58       AC: 23    Str: 22    XL:     6   Next: 69%
Magic:  6/6        EV:  2    Int:  8    God:
Gold:   61         SH:  9    Dex:  9    Spells: 5/5 levels left

rFire    . . .     SeeInvis .   a - +0 war axe
rCold    . . .     Faith    .   c - +0 kite shield
rNeg     + + +     Spirit   .   (armour currently unavailable)
rPois    ∞         Reflect  .   (helmet currently unavailable)
rElec    .         Harm     .   (cloak currently unavailable)
rCorr    .         Rampage  .   (gloves currently unavailable)
MR       .....     NoTele   +   (boots currently unavailable)
Stlth    +.........             (no amulet)
HPRegen  0.19/turn              (no ring)
MPRegen  0.10/turn              (no ring)

@: mighty, tree-form
A: negative energy resistance 1, petrification resistance, rot immunity, AC +4
a: no special abilities


You were in a sewer.
You were a tree.
You visited 1 branch of the dungeon, and saw 3 of its levels.
You also visited: Sewer.

You collected 61 gold pieces.

Inventory:

Hand Weapons
 a - a +0 war axe (weapon)
Armour
 b - a +0 scale mail (melded)
 c - a +0 kite shield (worn)
 l - a cursed +0 pair of gloves
Jewellery
 f - an uncursed amulet of magic regeneration {unknown}
Scrolls
 e - 3 scrolls of remove curse {unknown}
 g - 5 scrolls of identify {unknown}
 k - a scroll of random uselessness {unknown}
 n - a scroll of magic mapping {unknown}
 o - 2 scrolls of fear {unknown}
Potions
 i - 2 potions of attraction {unknown}
 j - a potion of brilliance {unknown}
 m - a potion of haste {unknown}


   Skills:
 + Level 4.5 Fighting
 + Level 3.2 Axes
 + Level 4.5 Armour
 + Level 2.1 Dodging
 + Level 4.6 Shields


You had 5 spell levels left.
You didn't know any spells.
Your spell library was empty.

Dungeon Overview and Level Annotations

Branches:
Dungeon (3/15)              Sewer (1/1)

Altars:
Xom

Annotations:
Sewer Grinder


Innate Abilities, Weirdness & Mutations

You are resistant to torment.
((Your stone body is resilient. (AC +4)))
You are immune to poison.
You resist negative energy. (rN+)
((You are resistant to electric shocks. (rElec)))
((You can survive without breathing.))
You are immune to petrification.
You are immune to rotting.


Message History

* * * LOW HITPOINT WARNING * * *
Unknown command.
Unknown command.
Your shield and scale mail prevent you from hitting Grinder.
Grinder is moderately wounded.
Grinder gestures at you. Pain shoots through your body!
* * * LOW HITPOINT WARNING * * *
Grinder says, "Mostly I couldn't keep them alive."
Grinder hits you.
* * * LOW HITPOINT WARNING * * *
You writhe in agony.
* * * LOW HITPOINT WARNING * * *
Unknown command.
It was a potion of lignification.
You turn into a tree.
Your +0 scale mail melds into your body.
Your roots penetrate the ground.
Grinder says, "DUCK!"
Grinder hits you.
You die...

##!$(## #≈...≈#
######### #≈...≈#
≈≈≈≈≈≈≈.+ #≈...≈#
≈≈≈≈≈≈≈.# #≈...≈#
≈≈≈≈≈≈≈.#.≈ #≈...≈#
≈≈≈≈≈≈≈.#.≈≈ #≈.)5≈#
≈≈≈≈≈≈..#.≈≈###'♣'##
≈≈≈≈....#.≈≈##.....##
###≈#.####.###..⌠...#
......≈≈#...#.....⌠.+
.)...≈≈≈≈...'.⌠._...+
......≈≈#...#.....⌠.+
#≈###.####.###..⌠...#
≈≈≈≈≈...#.≈≈##.....##
≈≈≈≈≈...#))≈###+++##


You could see Grinder.

Vanquished Creatures
  A wight (Sewer)
  Terence (D:3)
  3 big kobold zombies (Sewer)
  4 gnolls
  7 adders
  2 river rats (D:3)
  A shadow imp (Sewer)
  4 ufetubi (Sewer)
  2 oozes
  3 worms (D:2)
  A dart slug (D:1)
  A leopard gecko (D:2)
  An orc (D:3)
  3 giant cockroaches
  7 goblins
  7 hobgoblins
  2 jackals (D:3)
  2 quokkas
  4 ball pythons
  3 bats
  5 frilled lizards
  17 kobolds
  A kobold zombie (Sewer)
  16 rats
98 creatures vanquished.

Notes
Turn   | Place    | Note
-------+----------+-------------------------------------------
     0 | D:1      | mattiecakes the Gargoyle Fighter began the quest for the
                  | Orb.
     0 | D:1      | Reached XP level 1. HP: 14/14 MP: 1/1
   129 | D:1      | Reached XP level 2. HP: 19/19 MP: 2/2
   467 | D:1      | You fall into a shaft and drop 1 floor!
   485 | D:2      | Reached XP level 3. HP: 19/23 MP: 3/3
   708 | D:2      | Reached skill level 1 in Dodging
   773 | D:2      | Reached XP level 4. HP: 25/29 MP: 4/4
  2093 | D:2      | Reached XP level 5. HP: 23/33 MP: 5/5
  2428 | D:2      | Found a shimmering altar of Xom.
  2957 | D:3      | Noticed Terence
  2966 | D:3      | Killed Terence
  3117 | D:3      | Found a glowing drain.
  3137 | D:3      | Reached XP level 6. HP: 28/38 MP: 6/6
  3139 | Sewer    | Entered a sewer
  3541 | Sewer    | Found an ancient bone altar of Kikubaaqudgha.
  3546 | Sewer    | Noticed Grinder
  3553 | Sewer    | Paralysed by Grinder for 7 turns
  3565 | Sewer    | HP: 1/39 [Grinder (2)]
  3566 | Sewer    | Slain by Grinder

Illustrated notes

Levels and vault maps discovered:
D:1:      ncdulo_watergridlock, layout_basic
D:2:      layout_loops_corners, tgw_xom
D:3:      layout_rooms, portal_sewer_entry_e, uniq_terence,
          uniq_crazy_yiuf_cottage
Sewer:    kennysheep_sewer_church

Skill      XL: |  1  2  3  4  5  6 |
---------------+-------------------+-----
Axes           | 2 3 |  3.2
Dodging        | 1 2 |  2.1
Shields        | 4 |  4.6
Fighting       | 4 |  4.5
Armour         | 4 |  4.5

Action                   |  1- 3 |  4- 6 || total
-------------------------+-------+-------++-------
Melee: War axe           |    88 |   259 ||   347
  Use: Potion            |       |     2 ||     2
Armor: Scale mail        |    30 |   174 ||   204
Dodge: Dodged            |    33 |    99 ||   132
Block: Kite shield       |    42 |   188 ||   230

Table legend: (Time is in decaauts)
 A = Elapsed time spent in this place.
 B = Non-inter-level travel time spent in this place.
 C = Inter-level travel time spent in this place.
 D = Time resting spent in this place.
 E = Time spent auto-exploring this place.
 F = Levels seen in this place.
 G = Mean time per level.
                   A        B        C        D        E       F      G
               +--------+--------+--------+--------+--------+-----+--------+
         Total |   3728 |   3683 |     45 |   1064 |   1849 |   4 |  932.0 |
       Dungeon |   3261 |   3216 |     45 |    806 |   1797 |   3 | 1087.0 |
         Sewer |    466 |    466 |      0 |    258 |     51 |   1 |  466.0 |
               +--------+--------+--------+--------+--------+-----+--------+

Top non-repeatable levels by time:
     D:1: 1481 daAuts
     D:2: 1368 daAuts
   Sewer: 466 daAuts
     D:3: 412 daAuts
